 Dungeon Crawl Stone Soup version 0.31-a0-145-g046c7d2549 (webtiles) character file.

Game seed: 684720154714345465

720 Irreverend the Cudgeller (level 7, 0/55 HPs)
             Began as a Demonspawn Fighter on June 5, 2023.
             Slain by Pikel
             ... wielding a +0 whip of electrocution
              (8 damage)
             ... on level 4 of the Dungeon.
             The game lasted 00:05:10 (2962 turns).

Irreverend the Cudgeller (Demonspawn Fighter)       Turns: 2962, Time: 00:05:11

Health: 0/55       AC: 19    Str: 25    XL:     7   Next: 42%
Magic:  7/7        EV:  8    Int:  9    God:
Gold:   191        SH:  5    Dex: 12    Spells: 6/6 levels left

rFire   . . .        v - +3 flail (protect)
rCold   . . .        c - +0 buckler
rNeg    + . .        l - +0 chain mail
rPois   +            (helmet restricted)
rElec   .            (no cloak)
rCorr   +            s - +2 pair of gloves of the Tarantula {rPois rN+ rCorr}
SInv    .            (no boots)
Will    .....        (no amulet) Stlth
                     k - +6 ring of strength
HPRegen 0.29/turn    (no ring)
MPRegen 0.10/turn

%: no passive effects
@: under a protective aura
A: horns 2, spiny 1
a: no special abilities


You were on level 4 of the Dungeon.
You visited 1 branch of the dungeon, and saw 4 of its levels.

You collected 191 gold pieces.

Inventory:

Hand Weapons
 a - a +0 flail
 v - a +3 flail of protection (weapon)
Armour
 b - a +0 scale mail
 c - a +0 buckler (worn)
 l - a +0 chain mail (worn)
 s - the +2 pair of gloves of the Tarantula (worn) {rPois rN+ rCorr}
   (You found it on level 3 of the Dungeon)

   rPois:     It protects you from poison.
   rN:        It protects you from negative energy.
   rCorr:     It protects you from acid and corrosion.
Jewellery
 k - a +6 ring of strength (left hand)
 q - a +6 ring of strength
Wands
 n - a wand of flame (16)
Scrolls
 e - 5 scrolls of identify {unknown}
 h - a scroll of blinking {unknown}
 o - a scroll of fog {unknown}
 r - a scroll of enchant weapon {unknown}
 t - a scroll of amnesia {unknown}
Potions
 d - a potion of might
 f - 2 potions of brilliance {unknown}
 g - a potion of lignification {unknown}
 i - a potion of attraction {unknown}
 j - a potion of enlightenment {unknown}
 m - 2 potions of haste {unknown}
 p - a potion of heal wounds {unknown}
 u - a potion of invisibility {unknown}


   Skills:
 + Level 4.7 Fighting
 * Level 5.0 Maces & Flails
 + Level 4.2 Armour
 + Level 4.2 Shields


You had 6 spell levels left.
You didn't know any spells.
Your spell library contained the following spells:

 Spells                   Type           Power      Damage    Failure   Level
 Dazzling Flash           Conj/Hex       0%         N/A       100%        3
 Volatile Blastmotes      Fire/Tloc      0%         2d10      100%        3
 Iskenderun's Mystic Bla  Conj/Tloc      0%         2d3       100%        4
 Starburst                Conj/Fire      0%         6d3       100%        6


Dungeon Overview and Level Annotations

Branches:
Dungeon (4/15)
 Temple: D:4-7

Altars:

Annotations:
D:2 1 runed translucent door, Crazy Yiuf
D:4 Pikel


Innate Abilities, Weirdness & Mutations

You have a pair of horns on your head.
You are partially covered in sharp spines.


Message History

You start resting.
HP restored.
Things that are here:
a +5 vampiric scythe; a +0 robe Pikel, Merchant of Souls comes into view.
He is wielding a +0 whip of electrocution and wearing a +1 robe of positive energy.
A lemure comes into view.
An endoplasm comes into view.
The lemure shouts!
The endoplasm quivers.
The endoplasm jiggles.
Pikel hits you but does no damage.
You are electrocuted!
You hit Pikel but do no damage.
Your weapon exudes an aura of protection.
You block Pikel's attack.
You closely miss Pikel.
Pikel cracks his whip.
Pikel is struck by your spines. Pikel barely misses you.
You hit Pikel.
Pikel is lightly wounded.
Pikel is struck by your spines. Pikel hits you but does no damage. x2
You are electrocuted!!
You closely miss Pikel. You headbutt Pikel!
Pikel is heavily wounded.
Pikel hits you with a +0 whip of electrocution.
You barely miss Pikel.
Pikel is heavily wounded.
Pikel says, "Dispater doesn't talk much, but I know they dig me."
Pikel hits you but does no damage.
You are electrocuted!
You hit Pikel. You headbutt Pikel.
Pikel is severely wounded.
Pikel hits you but does no damage.
You barely miss Pikel. Your headbutt misses Pikel.
Pikel is severely wounded.
Pikel says, "You'll feel the lick of my whip!"
Pikel is struck by your spines. Pikel hits you but does no damage.
You are electrocuted!
* * * LOW HITPOINT WARNING * * *
You sock Pikel! Your headbutt misses Pikel.
Pikel is almost dead.
Pikel hits you with a +0 whip of electrocution!
You die...

#......... #........
#....?.. #...... .....
J5. #K# ###@# ##...#
..###...## #.......##
.#.#.#.#.# ........##
#)#.#.#.#.#
....).....###############
.#.#.#.#.#.)....)........


You could see Pikel, a lemure and an endoplasm.

Vanquished Creatures
  Sigmund (D:4)
  Edmund (D:4)
  2 lemures (D:4)
  A scorpion (D:3)
  2 hounds (D:4)
  2 orc priests (D:3)
  Jessica (D:2)
  Natasha (thrice) (D:2)
  7 adders
  An ufetubus (D:4)
  2 worms
  3 dart slugs
  8 orcs
  8 ball pythons
  3 bats
  10 endoplasms
  2 giant cockroaches
  5 goblins
  8 hobgoblins
  6 quokkas
  3 frilled lizards
  7 kobolds
  6 rats
92 creatures vanquished.

Notes
Turn   | Place    | Note
-------+----------+-------------------------------------------
     0 | D:1      | Irreverend the Demonspawn Fighter began the quest for the
                  | Orb.
     0 | D:1      | Reached XP level 1. HP: 18/18 MP: 1/1
    75 | D:1      | Reached skill level 2 in Maces & Flails
   151 | D:1      | Gained mutation: You have a pair of small horns on your
                  | head. [demonic ancestry]
   151 | D:1      | Reached XP level 2. HP: 20/24 MP: 2/2
   485 | D:1      | Reached XP level 3. HP: 25/29 MP: 3/3
   788 | D:2      | Noticed Jessica
   803 | D:2      | Killed Jessica
   804 | D:2      | Reached XP level 4. HP: 23/35 MP: 4/4
   836 | D:2      | Reached skill level 3 in Maces & Flails
   965 | D:2      | Noticed Natasha
   973 | D:2      | Killed Natasha
  1050 | D:2      | Noticed Natasha
  1066 | D:2      | Killed Natasha
  1067 | D:2      | Gained mutation: You are partially covered in sharp spines.
                  | [demonic ancestry]
  1067 | D:2      | Reached XP level 5. HP: 15/42 MP: 5/5
  1112 | D:2      | Noticed Natasha
  1178 | D:2      | Killed Natasha
  1466 | D:2      | Identified the +0 hammer of the Coward {heavy, *Slow rElec
                  | MP+9 Dex+4}
  1473 | D:2      | Found a runed translucent door.
  1474 | D:2      | Noticed Crazy Yiuf
  1881 | D:3      | Identified the +2 pair of gloves of the Tarantula {rPois
                  | rN+ rCorr}
  1913 | D:3      | Gained mutation: You have a pair of horns on your head.
                  | [demonic ancestry]
  1913 | D:3      | Reached XP level 6. HP: 36/48 MP: 6/6
  2469 | D:3      | Reached skill level 4 in Maces & Flails
  2528 | D:4      | Noticed Edmund
  2546 | D:4      | Killed Edmund
  2585 | D:4      | Reached XP level 7. HP: 30/55 MP: 7/7
  2824 | D:4      | Noticed Sigmund
  2838 | D:4      | Killed Sigmund
  2839 | D:4      | Reached skill level 5 in Maces & Flails
  2951 | D:4      | Noticed Pikel
  2962 | D:4      | Slain by Pikel

Illustrated notes

Levels and vault maps discovered:
D:1:      minmay_arrival_checkered_box, layout_loops_ring
D:2:      layout_rooms, uniq_natasha, uniq_jessica, uniq_crazy_yiuf_cottage
D:3:      layout_basic
D:4:      layout_rooms, hex_medium, kennysheep_windowed_goal, uniq_pikel,
          uniq_sigmund, uniq_edmund

Skill      XL: |  1  2  3  4  5  6  7 |
---------------+----------------------+-----
Maces & Flails | 2 3 4 5 |  5.0
Shields        | 3 4 |  4.2
Armour         | 3 4 |  4.2
Fighting       | 4 |  4.7

Action                     |  1- 3 |  4- 6 |  7- 9 || total
---------------------------+-------+-------+-------++-------
  Melee: Flail             |    83 |   119 |    34 ||   236
         Headbutt          |    10 |    18 |    10 ||    38
 Armour: Scale mail        |    39 |     7 |       ||    46
         Chain mail        |       |    32 |    19 ||    51
  Dodge: Dodged            |    35 |    34 |    11 ||    80
  Block: Buckler           |    16 |    31 |     4 ||    51

Table legend: (Time is in decaauts)
 A = Elapsed time spent in this place.
 B = Non-inter-level travel time spent in this place.
 C = Inter-level travel time spent in this place.
 D = Time resting spent in this place.
 E = Time spent auto-exploring this place.
 F = Levels seen in this place.
 G = Mean time per level.
                   A        B        C        D        E       F      G
               +--------+--------+--------+--------+--------+-----+--------+
         Total |   3040 |   2896 |    144 |    296 |   1953 |   4 |  760.0 |
       Dungeon |   3040 |   2896 |    144 |    296 |   1953 |   4 |  760.0 |
               +--------+--------+--------+--------+--------+-----+--------+

Top non-repeatable levels by time:
     D:2: 960 daAuts
     D:3: 837 daAuts
     D:1: 756 daAuts
     D:4: 484 daAuts
